Match 41529067
Unlisted

Match 41529067
End
Scout Squad
Construct Barracks
Riflemen Squad
Riflemen Squad
M1 Mortar Team
Selects Advanced Infantry Battlegroup
Selects Convert to Ranger Squad
Riflemen Squad
Construct Medical Station
Infantry Support Center
Selects Frontline Medical Station
M1 Mortar Team
Convert to Ranger Squad
Frontline Medical Station
Convert to Ranger Squad
Construct Tank Depot
Engineer Squad
Convert to Ranger Squad
Survival Training
M18 Hellcat Tank Destroyer
M18 Hellcat Tank Destroyer
Frontline Medical Station
M18 Hellcat Tank Destroyer
Selects Ammunition Storage
Selects M2A1 105mm Howitzer Emplacement
Selects 155mm Rapid Artillery Barrage
Selects Ranger Weapon Training
Angry Android
M1299 Enjoyer
MrStealYourHitler
Someth1ng
Hevsik
XRayCat
Grinch
Sharpshoe
0
0

Comments sign in to comment!

No comments posted yet!